 Dungeon Crawl Stone Soup version 0.25-a0-843-g6944ee31a2 (webtiles) character file.

Game seed: 4233640186630592581, levelgen mode: deterministic

2697 Error4North the Cleaver (level 9, -7/79 HPs)
             Began as a Hill Orc Fighter on Apr 25, 2020.
             Was a Priest of Okawaru.
             Mangled by a large abomination (19 damage)
             ... on level 2 of the Abyss.
             The game lasted 00:20:30 (6304 turns).

Error4North the Cleaver (Hill Orc Fighter)          Turns: 6304, Time: 00:20:31

Health: -7/79      AC: 16    Str: 23    XL:     9   Next: 65%
Magic:  12/12      EV:  5    Int:  9    God:    Okawaru [***...]
Gold:   286        SH: 13    Dex: 10    Spells: 8/8 levels left

rFire    + . .     SeeInvis .   c - +3 war axe (pain)
rCold    . . .     Gourm    .   n - +2 kite shield
rNeg     . . .     Faith    .   v - +0 plate armour
rPois    .         Spirit   .   (helmet restricted)
rElec    .         Reflect  .   a - +0 cloak
rCorr    +         Harm     .   r - +0 pair of gloves
MR       .....                  (no boots)
Stlth    ..........             (no amulet)
HPRegen  0.23/turn              h - ring of resist corrosion
MPRegen  0.13/turn              (no ring)

@: mighty
A: horns 1, fire resistance 1, strong 1
a: Heroism, Renounce Religion


You were on level 2 of the Abyss.
You worshipped Okawaru.
Okawaru was most pleased with you.
You were not hungry.

You visited 2 branches of the dungeon, and saw 8 of its levels.
You visited the Abyss 1 time.

You collected 286 gold pieces.

Inventory:

Hand Weapons
 c - a +3 war axe of pain (weapon)
Missiles
 q - 13 boomerangs (quivered)
Armour
 a - a +0 cloak (worn)
 l - a +0 helmet
 n - a +2 kite shield (worn)
 r - a +0 pair of gloves (worn)
 v - a +0 plate armour (worn)
Jewellery
 h - a ring of resist corrosion (left hand)
Wands
 u - a wand of digging (6)
 w - a wand of iceblast (12)
Scrolls
 b - 3 scrolls of enchant weapon {unknown}
 e - 8 scrolls of identify {unknown}
 g - 5 scrolls of teleportation {unknown}
 i - 4 scrolls of remove curse {unknown}
 j - 4 scrolls of noise {unknown}
 k - a scroll of magic mapping {unknown}
 m - a scroll of summoning {unknown}
 o - a scroll of immolation {unknown}
 s - a scroll of random uselessness {unknown}
 x - a scroll of blinking {unknown}
Potions
 p - a potion of curing
Comestibles
 f - 6 rations


   Skills:
 * Level 7.1 Fighting
 + Level 9.1 Axes
 + Level 0.7 Throwing
 * Level 7.4 Armour
 + Level 0.9 Dodging
 * Level 7.5 Shields
 * Level 4.9 Invocations
 * Level 0.8 Evocations


You had 8 spell levels left.
You didn't know any spells.
Your spell library was empty.

Dungeon Overview and Level Annotations

Branches:
Dungeon (7/15)             Temple (1/1) D:5

Altars:
Cheibriados
Dithmenos
Elyvilon
Fedhas
Gozag
Kikubaaqudgha
Makhleb
Nemelex Xobeh
Okawaru
Qazlal
Ru
Sif Muna
Trog
Uskayaw
Vehumet
Wu Jian
Xom
Yredelemnul
Zin
The Shining One

Shops:
D:5 **

Annotations:
D:6 3 runed translucent doors, SatoMori's ghost, novice DECj
D:7 Joseph


Innate Abilities, Weirdness & Mutations

You have a pair of small horns on your head.
Your flesh is heat resistant. (rF+)
Your muscles are strong. (Str +2)


Message History

You block the thrashing horror's attack.
The thrashing horror roars!
The thrashing horror tramples you but does no damage.
The thrashing horror barely misses you.
The thrashing horror tramples you but does no damage. x2
You block the thrashing horror's attack. x2
The thrashing horror roars!
You block the thrashing horror's attack.
The thrashing horror tramples you but does no damage.
The thrashing horror barely misses you.
You block the thrashing horror's attack.
You feel very mighty all of a sudden.
The thrashing horror roars!
The thrashing horror tramples you!
* * * LOW HITPOINT WARNING * * *
You stumble backwards!
Your plate armour prevents you from hitting the large abomination.
The thrashing horror roars!
The large abomination hits you!!
You die...

#. #...... .#.
.# #(... ..#.
..#..# ..#### .
..$.#..#.### .
§#.#....##.#
..#.#....##.#
#......# .X##
#.#####....#X##
# #.##..xX@#
###.#.###§#
#..# #.# #.##
#.. #. ##. ..
.. #.. # ...


You could see 2 thrashing horrors, a large abomination and a small abomination.

Vanquished Creatures
  Pikel (D:5)
  Sigmund (D:5)
  Menkaure (D:4)
  A hungry ghost (Abyss:2)
  A chaos spawn (Abyss:2)
  A sky beast (D:4)
  An orc warrior (D:6)
  3 ice beasts (D:5)
  A slave (D:5)
  2 phantoms (D:6)
  An ogre (D:7)
  Blork the orc (D:5)
  2 bullfrogs
  A scorpion (D:5)
  A bullfrog zombie (D:5)
  3 jellies
  A quasit (D:7)
  Crazy Yiuf (D:5)
  A gnoll shaman (D:7)
  An orc priest (D:3)
  2 orc wizards
  Ijyb (D:4)
  An iguana (D:5)
  3 worker ants
  A worker ant zombie (D:5)
  10 adders
  10 gnolls
  A howler monkey skeleton (D:6)
  2 shadow imps (D:5)
  A worm (D:5)
  A dart slug (D:1)
  2 leopard geckos (D:5)
  9 orcs
  6 giant cockroaches
  A goblin (D:2)
  12 hobgoblins
  6 jackals
  4 quokkas
  2 ball pythons
  A ball python skeleton (D:5)
  3 bats
  3 frilled lizards
  6 kobolds
  5 rats
119 creatures vanquished.

Notes
Turn   | Place    | Note
-------+----------+-------------------------------------------
     0 | D:1      | Error4North the Hill Orc Fighter began the quest for the
                  | Orb.
     0 | D:1      | Reached XP level 1. HP: 19/19 MP: 1/1
   199 | D:1      | Reached XP level 2. HP: 26/27 MP: 2/2
   604 | D:2      | Reached skill level 3 in Axes
   610 | D:2      | Reached XP level 3. HP: 23/33 MP: 3/3
   680 | D:2      | Reached XP level 4. HP: 37/41 MP: 4/4
   904 | D:2      | Found a burning altar of Makhleb.
   905 | D:2      | Found a snail-covered altar of Cheibriados.
   905 | D:2      | Found a glowing silver altar of Zin.
   907 | D:2      | Found a bloodstained altar of Trog.
  1049 | D:2      | You fall into a shaft and drop 2 floors!
  1096 | D:3      | Reached XP level 5. HP: 32/47 MP: 5/5
  1283 | D:3      | Reached skill level 4 in Axes
  1341 | D:3      | Found a basalt altar of Yredelemnul.
  1665 | D:3      | Found a faded altar of an unknown god.
  2526 | D:4      | Noticed a sky beast
  2553 | D:4      | Killed a sky beast
  2553 | D:4      | Reached skill level 5 in Axes
  2553 | D:4      | Reached XP level 6. HP: 25/55 MP: 6/6
  2848 | D:4      | Noticed Ijyb
  2868 | D:4      | Killed Ijyb
  2868 | D:4      | Reached skill level 5 in Fighting
  3217 | D:4      | Reached skill level 5 in Shields
  3265 | D:4      | Noticed Menkaure
  3337 | D:5      | Entered Level 5 of the Dungeon
  3349 | D:5      | Reached skill level 5 in Armour
  3352 | D:5      | Reached XP level 7. HP: 13/61 MP: 7/7
  3662 | D:5      | Noticed Sigmund
  3848 | D:4      | Killed Menkaure
  4057 | D:5      | Found Raofrev's Assorted Antiques.
  4096 | D:5      | Found a staircase to the Ecumenical Temple.
  4105 | Temple   | Entered the Ecumenical Temple
  4135 | Temple   | Became a worshipper of Warmaster Okawaru
  4242 | D:5      | Found Peec's Elemental Accessories.
  4278 | D:5      | Reached skill level 6 in Axes
  4331 | D:5      | Reached XP level 8. HP: 54/69 MP: 8/8
  4476 | D:5      | Killed Sigmund
  4476 | D:5      | Reached * piety under Okawaru
  4476 | D:5      | Reached skill level 1 in Invocations
  4537 | D:5      | Noticed Blork the orc
  4545 | D:5      | Killed Blork the orc
  4545 | D:5      | Reached skill level 7 in Axes
  4581 | D:5      | Found a runed translucent door.
  4582 | D:5      | Noticed Crazy Yiuf
  4588 | D:5      | Killed Crazy Yiuf
  4775 | D:5      | Noticed Pikel
  4792 | D:5      | Killed Pikel
  4792 | D:5      | Reached ** piety under Okawaru
  4792 | D:5      | Reached skill level 8 in Axes
  4792 | D:5      | Reached XP level 9. HP: 63/78 MP: 9/11
  4874 | D:5      | Found a radiant altar of Vehumet.
  4874 | D:5      | Found a shimmering altar of Xom.
  5523 | D:6      | Found a shimmering blue altar of Sif Muna.
  5524 | D:6      | Found a glowing golden altar of the Shining One.
  5745 | D:6      | Found a runed translucent gate.
  5748 | D:6      | Found a runed translucent gate.
  5748 | D:6      | Found a runed translucent gate.
  5751 | D:6      | Noticed SatoMori's ghost (novice DECj)
  6171 | D:7      | Found a sparkling altar of Nemelex Xobeh.
  6212 | D:7      | Reached skill level 9 in Axes
  6215 | D:7      | Noticed Joseph
  6225 | D:7      | Cast into level 2 of the Abyss (Joseph)
  6255 | Abyss:2  | Reached *** piety under Okawaru
  6274 | Abyss:2  | Noticed a thrashing horror
  6278 | Abyss:2  | Noticed a thrashing horror
  6278 | Abyss:2  | Noticed a large abomination
  6294 | Abyss:2  | Gained mutation: You have a pair of small horns on your
                  | head. [potion of mutation]
  6294 | Abyss:2  | Gained mutation: Your flesh is heat resistant. (rF+)
                  | [potion of mutation]
  6294 | Abyss:2  | Gained mutation: Your muscles are strong. (Str +2) [potion
                  | of mutation]
  6304 | Abyss:2  | Mangled by a large abomination

Levels and vault maps discovered:
D:1:      matt_arrival_debris, layout_basic, serial_bayou_pond_e
D:2:      layout_basic, chequers_temple_overflow_statue_of_worship,
          first_ration, serial_glass, glass_columns_a, glass_columns_b,
          glass_columns_a, glass_columns_a, minmay_strange_pillars,
          feat_on_display, hangedman_decor_peaks_small
D:3:      layout_basic, lemuel_coloured_pillars_altar,
          chequers_ecumenical_altar_lobes
D:4:      layout_loops_corners, uniq_ijyb, uniq_menkaure
D:5:      layout_loops_corners, gammafunk_temple_overflow_elements,
          minmay_temple_entry_poolview, serial_shops, nicolae_shop_trees,
          nicolae_elemental_shop, kennysheep_generic_room_8, uniq_sigmund,
          uniq_pikel, uniq_crazy_yiuf_cottage, uniq_blork_the_orc
D:6:      layout_loops_ring, gammafunk_temple_overflow_statue,
          gammafunk_ghost_nasty_kobolds
D:7:      layout_gridville, lemuel_crystal_altar, uniq_prince_ribbit1,
          uniq_joseph
Temple:   eino_wide_crystal_templ
Abyss:2:  base:
IceCv

Skill      XL: |  1  2  3  4  5  6  7  8  9 |
---------------+----------------------------+-----
Axes           | 3 5 6 8 9 |  9.1
Fighting       | 4 5 6 7 |  7.1
Shields        | 4 5 6 7 |  7.5
Armour         | 4 5 6 7 |  7.4
Invocations    | 3 4 |  4.9
Throwing       | |  0.7
Dodging        | |  0.9
Evocations     | |  0.8

Action                   |  1- 3 |  4- 6 |  7- 9 || total
-------------------------+-------+-------+-------++-------
Melee: War axe           |    67 |   200 |   228 ||   495
Throw: Boomerang         |       |       |    13 ||    13
Invok: Heroism           |       |       |     1 ||     1
  Use: Potion            |     1 |     1 |    10 ||    12
  Eat: Chunk             |       |     7 |     6 ||    13
       Ration            |       |       |     3 ||     3
Armor: Scale mail        |    49 |    26 |       ||    75
       Chain mail        |       |    24 |       ||    24
       Plate armour      |       |    40 |   197 ||   237
       Skin              |       |       |     1 ||     1
Dodge: Dodged            |    34 |    55 |    45 ||   134
Block: Kite shield       |    40 |   119 |   184 ||   343

Table legend:
 A = Non-vault XP
 B = Vault XP
 C = Vault XP percentage of total XP
 D = Non-vault monster count
 E = Vault monster count
 F = Vault count percentage of total count
                 A         B        C        D         E       F
            +---------+---------+-------+---------+---------+-------
      Total |    2590 |    1263 |  32.8 |     110 |       8 |   6.8
            +---------+---------+-------+---------+---------+-------
        D:1 |      20 |       0 |   0.0 |      12 |       0 |   0.0
        D:2 |     165 |       0 |   0.0 |      33 |       0 |   0.0
        D:3 |      74 |       0 |   0.0 |      16 |       0 |   0.0
        D:4 |     313 |     221 |  41.4 |       7 |       2 |  22.2
        D:5 |     645 |    1042 |  61.8 |      15 |       6 |  28.6
        D:6 |     621 |       0 |   0.0 |      15 |       0 |   0.0
        D:7 |     399 |       0 |   0.0 |      10 |       0 |   0.0
    Abyss:2 |     353 |       0 |   0.0 |       2 |       0 |   0.0
            +---------+---------+-------+---------+---------+-------
